 Dungeon Crawl Stone Soup version 0.26.0-10-g1f06aea511 (webtiles) character file.

Game seed: 13499975258518640502

63 inc the Scratcher (level 3, -3/18 HPs)
             Began as a Felid Chaos Knight on Feb 3, 2021.
             Was a Plaything of Xom.
             Slain by a worm (9 damage)
             ... on level 2 of the Dungeon.
             The game lasted 00:06:19 (3509 turns).

inc the Scratcher (Felid Chaos Knight)              Turns: 3509, Time: 00:06:19

Health: -3/18      AC:  3    Str:  8    XL:     3   Next: 87%
Magic:  4/4        EV: 19    Int: 14    God:    Xom [....*.]
Gold:   97         SH:  0    Dex: 15    Spells: 2/2 levels left
                                        Lives:  0   Deaths: 1

rFire    . . .     SeeInvis +     - Unarmed
rCold    . . .     Faith    .   (shield unavailable)
rNeg     . . .     Spirit   .   (armour unavailable)
rPois    .         Reflect  .   (helmet unavailable)
rElec    .         Harm     .   (cloak unavailable)
rCorr    .         Rampage  .   (gloves unavailable)
Will     .....                  (boots unavailable)
Stlth    +++.......             (no amulet)
HPRegen  0.06/turn              (no ring)
MPRegen  0.09/turn              (no ring)

@: quick
A: very small, no armour, no weapons or thrown items, stealth, claws 1, fangs 3,
icy blue scales 1, camouflage 1, see invisible, speed 1, shaggy fur 1, sharp
paws
a: Renounce Religion


You were on level 2 of the Dungeon.
You worshipped Xom.
You were a beloved toy of Xom.
You visited 1 branch of the dungeon, and saw 3 of its levels.

You collected 97 gold pieces.

Inventory:

Scrolls
 b - a scroll of immolation
 h - a scroll of teleportation
Potions
 f - a potion of curing


   Skills:
 + Level 3.7 Fighting
 + Level 4.2 Dodging
 + Level 4.4 Unarmed Combat


You had 2 spell levels left.
You didn't know any spells.
Your spell library was empty.

Dungeon Overview and Level Annotations

Branches:
Dungeon (3/15)

Altars:
The Shining One

Annotations:
D:2 Jessica, Sigmund
D:3 Grinder, Ijyb


Innate Abilities, Weirdness & Mutations

You cannot wear armour.
You are incapable of wielding weapons or throwing items.
Your paws allow you to move quietly. (Stealth)
You have sharp claws.
You have razor-sharp teeth.
You have supernaturally acute eyesight. (SInv)
You cover ground quickly.
You are covered in fur. (AC +1)
Your sharp claws are effective at attacking unaware monsters.
You are partially covered in icy blue scales. (AC +2)
Your skin changes colour to match your surroundings (Stealth+).


Message History

You claw the worm!
The worm is heavily wounded.
You scratch the worm.
The worm is almost dead.
The worm bites you!
You are too injured to fight recklessly!
You are too injured to fight recklessly!
You are too injured to fight recklessly!
You are too injured to fight recklessly!
You are too injured to fight recklessly!
You are too injured to fight recklessly!
You are too injured to fight recklessly!
You are too injured to fight recklessly!
You are too injured to fight recklessly!
A worm is nearby!
You scratch the worm but do no damage.
The worm is almost dead.
The worm bites you!
Ouch! That really hurt!
You die...

#....#
#..#########*********
#.#### #...# *,,,,,
#.# ##..# *,**** #.#
#..# *,* #.# ##.##
*,* #.# #.># ******
*,* #.# ##.# *,,,,*
*,* ..# #.#
*,,,,****,**** ***
#@# *,,,,**,,,,,,,
#w# *,,,,**,*,**,*
#.# *,,,,**,*,**,,
#.# *,,,,**,*,,,,,
#.# *,,,,**,******
#.# *,,,,**,*,,,**
#.#**,,,,**,*,*,,*
#..,,,,,,,,,*,**,'
*************,,,,*


You could see a worm.

Vanquished Creatures
  3 gnolls (D:2)
  An ooze (D:1)
  A worm (D:2)
  4 dart slugs
  An orc (D:3)
  5 bats
  4 giant cockroaches
  15 hobgoblins
  3 jackals (D:1)
  2 ball pythons
  4 frilled lizards
  9 goblins
  3 kobolds
  7 rats
62 creatures vanquished.

Notes
Turn   | Place    | Note
-------+----------+-------------------------------------------
     0 | D:1      | inc the Felid Chaos Knight began the quest for the Orb.
     0 | D:1      | Reached XP level 1. HP: 10/10 MP: 2/2
   102 | D:1      | XOM: smoke on damage
   113 | D:1      | XOM: potion effect (curing)
   162 | D:1      | Reached XP level 2. HP: 11/14 MP: 3/3
   212 | D:1      | XOM: confuse monster(s)
   312 | D:1      | XOM: god gift: scroll labelled RUAKHL IZUADGHERR {god gift}
   387 | D:1      | XOM: scenery: summon butterflies
   448 | D:1      | XOM: smoke on damage
   566 | D:1      | Reached XP level 3. HP: 13/17 MP: 4/4
   895 | D:1      | XOM: divination: detect creatures
   898 | D:1      | XOM: enchant monster (good)
  1409 | D:2      | XOM: cloud trail
  1527 | D:2      | Noticed Jessica
  1861 | D:2      | XOM: noise
  1863 | D:2      | Found a glowing golden altar of the Shining One.
  2155 | D:1      | XOM: cloud trail
  2284 | D:2      | Noticed Sigmund
  2490 | D:3      | Reached XP level 4. HP: 15/21 MP: 5/5
  2552 | D:3      | Noticed Grinder
  2557 | D:3      | XOM: divination: detect creatures
  2639 | D:2      | XOM: silly message
  2721 | D:2      | XOM: silly message
  2728 | D:2      | Mangled by a gnoll
  2729 | D:2      | Reached XP level 3. HP: -9/17 MP: 4/4
  2780 | D:2      | XOM: butterfly on damage
  2803 | D:3      | Noticed Ijyb
  3365 | D:1      | XOM: give mutations
  3365 | D:1      | Gained mutation: Your skin changes colour to match your
                  | surroundings (Stealth+). [Xom's grace]
  3365 | D:1      | Gained mutation: You are partially covered in icy blue
                  | scales. (AC +2) [Xom's grace]
  3509 | D:2      | Slain by a worm

Illustrated notes

Levels and vault maps discovered:
D:1:      lemuel_arrival_broad_hall, layout_basic, serial_glass,
          glass_columns_b, glass_columns_b, minmay_indecisive_spiral
D:2:      minmay_chambers_of_ones, layout_basic, lemuel_doored_altar,
          uniq_sigmund, uniq_natasha, uniq_jessica
D:3:      layout_basic, portal_sewer_entry_e, lemuel_another_geyser, uniq_ijyb,
          uniq_grinder

Skill      XL: |  1  2  3  4 |
---------------+-------------+-----
Unarmed Combat | 4 |  4.4
Dodging        | 4 |  4.2
Fighting       | |  3.7

Action                   |  1- 3 |  4- 6 || total
-------------------------+-------+-------++-------
Melee: Unarmed           |   178 |    23 ||   201
       Punch             |     2 |       ||     2
       Bite              |    17 |     2 ||    19
  Use: Scroll            |     1 |     4 ||     5
       Potion            |       |     4 ||     4
 Stab: Sleeping          |     2 |       ||     2
       Distracted        |     1 |       ||     1
Armor: Skin              |    11 |       ||    11
Dodge: Dodged            |   138 |    38 ||   176
